 Dungeon Crawl Stone Soup version 0.18.1-6-gd335043 (webtiles) character file.

13 Gargoyl the Skirmisher (level 2, -4/24 HPs)
             Began as a Demonspawn Abyssal Knight on May 16, 2016.
             Was an Initiate of Lugonu.
             Slain by a gnoll (7 damage)
             ... on level 1 of the Dungeon.
             The game lasted 00:01:38 (474 turns).

Gargoyl the Skirmisher (Demonspawn Abyssal Knight)   Turns: 474, Time: 00:01:39

Health: -4/24      AC:  7    Str: 12    XL:     2   Next: 24%
Magic:  3/3        EV: 17    Int: 11    God:    Lugonu [......]
Gold:   0          SH:  0    Dex: 17    Spells: 0 memorised, 1 level left

rFire  . . .     SeeInvis .     a - +1 hand axe
rCold  . . .     Gourm    .     b - +0 leather armour
rNeg   . . .     Faith    .     (no shield)
rPois  .         Spirit   .     (no helmet)
rElec  .         Dismiss  .     h - +0 cloak
rCorr  .         Reflect  .     (no gloves)
SustAt .         Harm     .     k - +0 pair of boots
MR     .....                    (no amulet)
Stlth  ++........               (no ring)
                                (no ring)

@: agile, not resistant to hostile enchantments, unstealthy
A: slimy green scales 1, blurry vision 1, dopey 1, sturdy frame 1
a: Renounce Religion


You were on level 1 of the Dungeon.
You worshipped Lugonu.
Lugonu was noncommittal.
You were not hungry.

You visited 1 branch of the dungeon, and saw 1 of its levels.
You visited the Abyss 1 time.

Inventory:

Hand Weapons
 a - a +1 hand axe (weapon)
Armour
 b - a +0 leather armour (worn)
 h - a +0 cloak (worn)
 k - a +0 pair of boots (worn)
Scrolls
 g - a scroll of random uselessness {unknown}
 j - 2 scrolls of recharging {unknown}
Books
 e - a book of Changes

   Spells                             Type                      Level
   a - Beastly Appendage              Transmutation                1
   b - Sticks to Snakes               Transmutation                2
   c - Spider Form                    Transmutation/Poison         3
   d - Ice Form                       Ice/Transmutation            4
   e - Blade Hands                    Transmutation                5
Comestibles
 c - a bread ration
 f - a meat ration


   Skills:
 + Level 3.4 Fighting
 + Level 1.8 Axes
 * Level 2.0 Armour
 + Level 1.0 Dodging
 + Level 2.5 Invocations


You had one spell level left.
You didn't know any spells.

Dungeon Overview and Level Annotations

Branches:
Dungeon (1/15)

Altars:


Innate Abilities, Weirdness & Mutations

You are partially covered in slimy green scales (AC +2).
Scrolls take you a little longer to read.
You are dopey. (Int -2)
Your movements are slightly less encumbered by armour (ER -2).


Message History

It was a potion of mutation.
You feel extremely strange.
You feel less encumbered by your armour.
Your vision blurs.
You feel stupid.
The gnoll throws a stone.
The stone misses you.
The gnoll throws a stone.
The stone misses you.
You see here a stone.
The gnoll throws a stone.
The stone completely misses you.
You see here a stone.
The gnoll hits you.
* * * LOW HITPOINT WARNING * * *
You hit the gnoll but do no damage.
The gnoll is heavily wounded.
The gnoll barely misses you.
You hit the gnoll but do no damage.
The gnoll is heavily wounded.
The gnoll misses you. x2
You barely miss the gnoll.
The gnoll is heavily wounded.
The gnoll hits you!
You die...

##### #....
#.#.# ### #.
#.#.# ...
#.##.#(# #.#
#.##.#(# #.# #
#.##.#(# ##.##.#
#.##.#@# ....
####.#..g.#
######g#
..#.#..###
#.(((..#
#.#..#.##
#(######
#.#.###.## #.#
#..##
##.######.# #.##
##.....g.#
.#####..##
#.########
.........###....


You could see a gnoll.

Vanquished Creatures
  A giant gecko (D:1)
  3 bats (D:1)
  A goblin (D:1)
  A hobgoblin (D:1)
  3 giant newts (D:1)
  2 kobolds (D:1)
  A rat (D:1)
12 creatures vanquished.

Vanquished Creatures (others)
  A starspawn tentacle (Abyss:3)
  5 starspawn tentacle segments (Abyss:3)
6 creatures vanquished.

Grand Total: 18 creatures vanquished

Notes
Turn   | Place    | Note
--------------------------------------------------------------
     0 | Abyss:1  | Gargoyl the Demonspawn Abyssal Knight began the quest for the Orb.
     0 | Abyss:1  | Reached XP level 1. HP: 18/18 MP: 2/2
    26 | Abyss:2  | Found a corrupted altar of Lugonu.
    52 | Abyss:2  | Found a corrupted altar of Lugonu.
    71 | Abyss:3  | Noticed a tentacled starspawn
    73 | Abyss:3  | Noticed a large abomination
    75 | D:1      | Escaped the Abyss
   323 | D:1      | Reached skill level 1 in Dodging
   371 | D:1      | Gained mutation: You are partially covered in slimy green scales (AC +2). [demonic ancestry]
   371 | D:1      | Reached XP level 2. HP: 24/24 MP: 3/3
   468 | D:1      | Gained mutation: Your movements are slightly less encumbered by armour (ER -2). [potion of mutation]
   468 | D:1      | Gained mutation: Scrolls take you a little longer to read. [potion of mutation]
   468 | D:1      | Gained mutation: You are dopey. (Int -2) [potion of mutation]
   474 | D:1      | Slain by a gnoll

Skill      XL: |  1  2 |
---------------+-------+-----
Dodging        | 1 |  1.0
Armour         | 2 |  2.0
Fighting       | |  3.4
Axes           | |  1.8
Invocations    | |  2.5

Action                   || total
-------------------------++-------
Melee: Hand axe          ||    38
Invok: Depart the Abyss  ||     1
  Use: Potion            ||     2
Armor: Leather armour    ||    25
Dodge: Dodged            ||    27
